 Dungeon Crawl Stone Soup version 0.29.1-2-gbd0b4ee654 (webtiles) character file.

Game seed: 17359717832076196152

59 qeuew the Sneak (level 3, 0/16 HPs)
             Began as a Spriggan Enchanter on Nov 8, 2022.
             Succumbed to an adder's poison
             ... on level 2 of the Dungeon.
             The game lasted 00:02:10 (1929 turns).

qeuew the Sneak (Spriggan Enchanter)                Turns: 1929, Time: 00:02:11

Health: 0/16       AC:  2    Str:  4    XL:     3   Next: 78%
Magic:  1/8        EV: 18    Int: 16    God:
Gold:   113        SH:  0    Dex: 17    Spells: 6/8 levels left

rFire   . . .      SeeInvis +   a - +1 dagger
rCold   . . .      Faith    .   (no shield)
rNeg    . . .      Spirit   .   b - +0 robe
rPois   .          Reflect  .   (helmet restricted)
rElec   .          Harm     .   (no cloak)
rCorr   .          Rampage  .   (gloves unavailable)
Will    .....                   (boots unavailable)
Stlth   +++.......              (no amulet)
HPRegen 0.05/turn               (no ring)
MPRegen 0.11/turn               (no ring)

@: lethally poisoned (0 -> -7), invisible, very quick
A: very small, no large weapons, unfitting armour, see invisible, speed 3
a: no special abilities


You were on level 2 of the Dungeon.
You visited 1 branch of the dungeon, and saw 2 of its levels.

You collected 113 gold pieces.

Inventory:

Hand Weapons
 a - a +1 dagger (weapon)
Armour
 b - a +0 robe (worn)
Scrolls
 d - 3 scrolls of fear {unknown}
 e - a scroll of vulnerability {unknown}
 f - a scroll of identify
 h - a scroll of fog
 i - a scroll of teleportation {unknown}
Potions
 c - a potion of invisibility


   Skills:
 + Level 2.0 Short Blades
 + Level 3.4 Dodging
 + Level 5.1 Stealth
 + Level 3.3 Spellcasting
 + Level 4.2 Hexes


You had 6 spell levels left.
You knew the following spells:

 Your Spells              Type           Power      Damage    Failure   Level
a - Ensorcelled Hibernat  Hex/Ice        18%        N/A       12%         2

Your spell library contained the following spells:

 Spells                   Type           Power      Damage    Failure   Level
 Confusing Touch          Hex            16%        N/A       10%         3
 Tukima's Dance           Hex            16%        N/A       10%         3
 Dazzling Flash           Conj/Hex       18%        N/A       22%         3
 Gell's Gravitas          Tloc           2%         N/A       47%         3
 Lesser Beckoning         Tloc           2%         N/A       47%         3
 Teleport Other           Tloc           2%         N/A       47%         3


Dungeon Overview and Level Annotations

Branches:
Dungeon (2/15)

Altars:
Trog

Shops:
D:1 *


Innate Abilities, Weirdness & Mutations

You are very small and have problems with some larger weapons.
You are too small for most types of armour.
You have supernaturally acute eyesight. (SInv)
You cover ground extremely quickly. (Speed+++)


Message History

* * * LOW HITPOINT WARNING * * *
Aiming: Ensorcelled Hibernation (safe; 12% risk of failure)
Press: ? - help, Q - select action Shift-Dir - straight line, f/p - adder
Aim: an adder (severely wounded, chance to affect: 51%)
The adder resists with some effort.
The adder closely misses you.
Unknown command.
You barely miss the adder.
The adder is severely wounded.
The adder closely misses you.
You feel better. The adder bites you but does no damage.
The adder closely misses you.
You barely miss the adder.
The adder is severely wounded.
The adder bites you.
You hit the adder but do no damage.
The adder is severely wounded.
The adder misses you.
You miss the adder.
The adder is severely wounded.
The adder misses you.
You hit the adder.
The adder is severely wounded.
The adder closely misses you. The adder bites you.
* * * LOW HITPOINT WARNING * * *
Your magical contamination has completely faded away.
You hit the adder.
The adder is severely wounded.
The adder completely misses you.
You hit the adder.
The adder is almost dead.
The adder barely misses you.
You hit the adder but do no damage.
The adder is almost dead.
The adder bites you.
* * * LOW HITPOINT WARNING * * *
You are lethally poisoned!
The adder poisons you!
You fade into invisibility!
You die...

......#
#..##.#.##.#.#.#.##.#.#
#######
#.##.#.##.#.##..#.##.#.
#.#.#.##.#.##..#)##.#.#
#..#.##.#.##..#.##.#.##
#...##.#.##.#..##.#.##.
##.##.#.##.#..##.#.##.#
###.#.##.#..##.#.##(#.
#S#.##.#.#.#.##.#.#
##@#.##.#.#.##.#.##
##.#.##.#.##.#.###
##.#.##.##.#.## #
##.#.###.#.## #
##.#.#.#.## # ##.#.#.##
# ##.#.## ##.## ###


You could see an adder (unable to see you).

Vanquished Creatures
  A gnoll (D:1)
  2 adders (D:2)
  A dart slug (D:1)
  4 endoplasms
  2 giant cockroaches (D:1)
  A goblin (D:1)
  A hobgoblin (D:1)
  2 quokkas
  4 ball pythons
  6 bats
  A frilled lizard (D:1)
  3 kobolds
  5 rats
33 creatures vanquished.

Notes
Turn   | Place    | Note
-------+----------+-------------------------------------------
     0 | D:1      | qeuew the Spriggan Enchanter began the quest for the Orb.
     0 | D:1      | Reached XP level 1. HP: 9/9 MP: 5/5
   169 | D:1      | Found Fasses's Assorted Antiques.
   309 | D:1      | Reached XP level 2. HP: 8/13 MP: 6/6
   956 | D:1      | Learned a level 2 spell: Ensorcelled Hibernation
  1061 | D:1      | Reached XP level 3. HP: 16/16 MP: 8/8
  1513 | D:2      | Reached skill level 5 in Stealth
  1574 | D:2      | Found a faded altar of an unknown god.
  1723 | D:2      | Found a bloodstained altar of Trog.
  1929 | D:2      | Succumbed to an adder's poison

Illustrated notes

Levels and vault maps discovered:
D:1:      dpeg_arrival_arbitrary_c, layout_loops_ring, serial_shops,
          nicolae_shop_overgrown_old_shop, grunt_decor_arrowhead,
          minmay_crystal_water, minmay_misc_feat_chi,
          hangedman_abyss_or_decor_lesser_grid
D:2:      minmay_inner_zag, layout_basic,
          hellmonk_ecumenical_altar_leap_of_faith, basic_altar

Skill      XL: |  1  2  3 |
---------------+----------+-----
Dodging        | 3 |  3.4
Spellcasting   | 3 |  3.3
Hexes          | 4 |  4.2
Stealth        | 5 |  5.1
Short Blades   | 2 |  2.0

Action                   || total
-------------------------++-------
Melee: Dagger            ||   130
       Punch             ||     1
 Cast: Ensorcelled Hiber ||     3
  Use: Scroll            ||     4
       Potion            ||     2
 Stab: Sleeping          ||    10
Armor: Robe              ||    15
Dodge: Dodged            ||   127
